 Dungeon Crawl Stone Soup version 0.32-a0-131-g9dbbe29261 (webtiles) character file.

Game seed: 8468035458654389826

155 CraigForest the Firebug (level 5, -1/43 HPs)
             Began as a Gargoyle Fire Elementalist on Feb 8, 2024.
             Killed by divine providence
             ... invoked by an orc priest
              (12 damage)
             ... on level 3 of the Dungeon.
             The game lasted 00:14:47 (2459 turns).

CraigForest the Firebug (GrFE)                      Turns: 2459, Time: 00:14:48

Health: -1/43      AC: 22    Str: 12    XL:     5   Next: 37%
Magic:  8/8        EV:  2    Int: 17    God:
Gold:   100        SH:  0    Dex: 10    Spells: 4/9 levels left

rFire   . . .        j - +0 flail (holy)
rCold   . . .        (no shield)
rNeg    + . .        a - melded +0 robe
rPois   ∞            (helmet currently unavailable)
rElec   .            (cloak currently unavailable)
rCorr   .            (gloves currently unavailable)
SInv    .            (boots currently unavailable)
Will    +....        (no amulet)
Stlth   ++           g - ring of willpower
HPRegen 0.27/turn    (no ring)
MPRegen 0.11/turn

%: no passive effects
@: tree-form
A: stationary, stasis, torment immunity, boosted hp, sickness immunity, AC +4,
negative energy resistance 1, (electricity resistance), torment resistance 1,
petrification resistance
a: no special abilities


You were on level 3 of the Dungeon.
You were a tree.
You visited 1 branch of the dungeon, and saw 3 of its levels.

You collected 100 gold pieces.

Inventory:

Hand Weapons
 c - a +0 mace
 j - a +0 flail of holy wrath (weapon)
 l - a +2 dagger of flaming
Missiles
 i - 5 poisoned darts
Armour
 a - a +0 robe (melded)
 t - a +0 buckler
Jewellery
 g - a ring of willpower (left branch)
Wands
 u - a wand of flame (13)
Scrolls
 d - a scroll of identify
 e - 2 scrolls of enchant armour {unknown}
 h - a scroll of poison {unknown}
 m - a scroll of immolation {unknown}
 n - a scroll of blinking {unknown}
 o - 2 scrolls of teleportation
 r - a scroll of enchant weapon {unknown}
Potions
 b - a potion of magic
 f - a potion of lignification
 p - a potion of cancellation
 s - a potion of enlightenment


   Skills:
 + Level 1.1 Fighting
 + Level 2.0 Maces & Flails
 + Level 2.1 Dodging
 + Level 2.9 Stealth
 + Level 2.5 Spellcasting
 + Level 2.0 Conjurations
 + Level 3.8 Fire Magic


You had 4 spell levels left.
You knew the following spells:

 Your Spells              Type           Power      Damage    Failure   Level
a - Foxfire               Conj/Fire      48%        2x1d6     5%          1
b - Scorch                Fire           30%        2d6       6%          2
c - Shock                 Conj/Air       20%        1d4       12%         1
d - Sting                 Conj/Alch      20%        1d4       12%         1

Your spell library contained the following spells:

 Spells                   Type           Power      Damage    Failure   Level
 Apportation              Tloc           4%         N/A       19%         1
 Freeze                   Ice            8%         1d3       19%         1
 Necrotise                Necr           8%         1d4       19%         1
 Summon Small Mammal      Summ           8%         N/A       19%         1
 Inner Flame              Hex/Fire       8%         N/A       26%         3
 Volatile Blastmotes      Fire/Tloc      16%        2d11      26%         3
 Hailstorm                Conj/Ice       5%         3d5       36%         3
 Frozen Ramparts          Ice            4%         1d1       50%         3
 Swiftness                Air            2%         N/A       50%         3
 Flame Wave               Conj/Fire      12%        2d6       50%         4
 Airstrike                Air            1%         2d(1-17)  88%         4


Dungeon Overview and Level Annotations

Branches:
Dungeon (3/15)

Altars:
Gozag

Shops:
D:2 [


Innate Abilities, Weirdness & Mutations

You are a tree.
Your roots penetrate the ground, keeping you stationary.
You cannot be teleported.
You are immune to unholy pain and torment.
Your maximum health is greatly increased.
Your equipment is partially melded.
You are immune to sickness and miasma.
((Your stone body is resilient. (AC +4)))
You are immune to poison.
You resist negative energy. (rN+)
((You are resistant to electric shocks. (rElec)))
You are resistant to unholy torment.
You are immune to petrification.


Message History

You hit something but do no damage. Something hits you but does no damage.
Hit: j) +0 flail (holy)
Press: ? - help, Dir - move target You hit something.
Something hits you but does no damage.
Hit: j) +0 flail (holy)
Press: ? - help, Dir - move target You barely miss something.
Something hits you but does no damage.
The orc priest casts a cantrip, but nothing happens.
You hear some strange, mumbled words.
A magic dart appears from out of thin air!
The magic dart hits you!
* * * LOW HITPOINT WARNING * * *
You cannot move.
Hit: j) +0 flail (holy)
Press: ? - help, Dir - move target You sock something!
Reactivating autopickup.
You feel a bit more experienced.
Your Maces & Flails skill increases to level 2!
Your Conjurations skill increases to level 2!
Hit: j) +0 flail (holy)
Press: ? - help, Dir - move target, f - orc
Aim: an orc, wielding a +0 club and wearing a +0 leather armour (about 48% to evade your +0 flail of holy wrath)
You hit the orc.
The orc is lightly wounded.
The orc hits you but does no damage.
You barely miss the orc.
The orc is lightly wounded.
The orc hits you with a +0 club.
* * * LOW HITPOINT WARNING * * *
Hit: j) +0 flail (holy)
Press: ? - help, Dir - move target, f/p - orc
Aim: an orc, wielding a +0 club and wearing a +0 leather armour (lightly wounded, about 48% to evade your +0 flail of holy wrath)
You closely miss the orc.
The orc is lightly wounded.
The orc hits you but does no damage. The orc barely misses you.
You feel better.
The orc priest invokes the aid of Beogh against you.
Beogh smites you!
You die...

#.##.##.#
#.##.##.####
#######.##.##o...#
#...[......#####.#
#.#####.#### #.#
#.# #.# #o# #.#
..# #o# #.# ####
#o# #.# #♣# #.#
#.# #.# #.# #.#
#.# #.# #.# #.#
#.# #.# #.# ..#
#.# ###


You could see an orc priest and 2 orcs.

Vanquished Creatures
  An orc priest (D:2)
  2 orc wizards
  2 dart slugs (D:1)
  A ribbon worm (D:2)
  5 orcs
  9 ball pythons
  7 bats
  7 endoplasms
  5 goblins
  6 hobgoblins
  4 jackals (D:1)
  2 quokkas
  2 frilled lizards
  4 kobolds (D:1)
  2 rats
59 creatures vanquished.

Vanquished Creatures (others)
  90 foxfires
90 creatures vanquished.

Grand Total: 149 creatures vanquished

Notes
Turn   | Place    | Note
-------+----------+-------------------------------------------
     0 | D:1      | CraigForest the Gargoyle Fire Elementalist began the quest
                  | for the Orb.
     0 | D:1      | Reached XP level 1. HP: 10/10 MP: 3/3
   235 | D:1      | Reached XP level 2. HP: 15/15 MP: 1/5
   359 | D:1      | Reached XP level 3. HP: 17/19 MP: 1/6
   680 | D:1      | Reached skill level 1 in Maces & Flails
   993 | D:1      | Learned a level 2 spell: Scorch
   995 | D:1      | Learned a level 1 spell: Shock
  1557 | D:2      | Found Ihoot's Antique Armour Shop.
  1570 | D:2      | Reached XP level 4. HP: 24/24 MP: 4/7
  1629 | D:2      | HP: 1/24 [something (1)]
  1632 | D:2      | Reached XP level 5. HP: 2/28 MP: 1/8
  1995 | D:2      | You fall into a shaft and drop 1 floor!
  2001 | D:3      | Found an opulent altar of Gozag.
  2318 | D:3      | Learned a level 1 spell: Sting
  2433 | D:3      | Reached skill level 1 in Fighting
  2457 | D:3      | HP: 1/43 [orc/+0 club (4)]
  2459 | D:3      | Killed from afar by an orc priest

Illustrated notes

Levels and vault maps discovered:
D:1:      minmay_arrival_nine_rooms, layout_loops_corners, wad_floor_pattern_1,
          chequers_hall_statues_wall_a
D:2:      layout_basic, serial_shops, nicolae_shop_advertising_works
          [nicolae_subvault_shop_adworks]
D:3:      layout_loops_ring, fedhas_altar_1, mainiacjoe_overflow_boulevard,
          nicolae_gozag_seed_capital

Skill      XL: |  1  2  3  4  5 |
---------------+----------------+-----
Maces & Flails | 1 2 |  2.0
Dodging        | 2 |  2.1
Fighting       | 1 |  1.1
Conjurations   | 2 |  2.0
Stealth        | |  2.9
Spellcasting   | |  2.5
Fire Magic     | |  3.8

Action                     |  1- 3 |  4- 6 || total
---------------------------+-------+-------++-------
  Melee: Mace              |    41 |       ||    41
         Flail             |    12 |    39 ||    51
         Punch             |     1 |     1 ||     2
   Cast: Foxfire           |    40 |    15 ||    55
    Use: Scroll            |     1 |     5 ||     6
         Potion            |       |     3 ||     3
   Stab: Sleeping          |     2 |     1 ||     3
 Armour: Robe              |    49 |    20 ||    69
         Skin              |       |    26 ||    26
  Dodge: Dodged            |    54 |    21 ||    75

Table legend: (Time is in decaauts)
 A = Elapsed time spent in this place.
 B = Non-inter-level travel time spent in this place.
 C = Inter-level travel time spent in this place.
 D = Time resting spent in this place.
 E = Time spent auto-exploring this place.
 F = Levels seen in this place.
 G = Mean time per level.
                   A        B        C        D        E       F      G
               +--------+--------+--------+--------+--------+-----+--------+
         Total |   2490 |   2406 |     84 |    182 |   1380 |   3 |  830.0 |
       Dungeon |   2490 |   2406 |     84 |    182 |   1380 |   3 |  830.0 |
               +--------+--------+--------+--------+--------+-----+--------+

Top non-repeatable levels by time:
     D:1: 1249 daAuts
     D:2: 1015 daAuts
     D:3: 226 daAuts
